 Dungeon Crawl Stone Soup version 0.21-a0-440-g28109cb (webtiles) character file.

321 Autsider the Ruffian (level 6, 0/51 HPs)
             Began as a Draconian Transmuter on Nov 10, 2017.
             Slain by Pikel
             ... wielding a +0 whip of freezing
              (4 damage)
             ... on level 4 of the Dungeon.
             The game lasted 00:15:32 (2949 turns).

Autsider the Ruffian (Draconian Transmuter)         Turns: 2949, Time: 00:15:34

Health: 0/51       AC:  2    Str: 14    XL:     6   Next: 22%
Magic:  7/10       EV: 12    Int: 14    God:
Gold:   148        SH:  4    Dex: 11    Spells: 2/10 levels left

rFire    . . .     SeeInvis .     - Unarmed
rCold    . . .     Gourm    .   (no shield)
rNeg     . . .     Faith    .   (armour unavailable)
rPois    .         Spirit   .   (helmet restricted)
rElec    .         Reflect  +   (no cloak)
rCorr    .         Harm     .   (no gloves)
MR       .....                  (boots currently unavailable)
Stlth    +.........             w - +4 amulet of reflection
HPRegen  0.17/turn              j - +6 ring of slaying
MPRegen  0.12/turn              (no ring)

@: appendage, corroded, slowed, very slow
A: unfitting armour, talons 3, cold-blooded, AC +6
a: End Transformation


You were on level 4 of the Dungeon.
You were not hungry.
You had grown temporary talons.
You visited 1 branch of the dungeon, and saw 4 of its levels.

You collected 148 gold pieces.

Inventory:

Missiles
 a - 44 arrows
 k - 106 stones (quivered)
Armour
 e - a +1 shield
Jewellery
 j - a +6 ring of slaying (left hand)
 w - a +4 amulet of reflection (around neck)
Wands
 B - a wand of random effects (48/48)
Scrolls
 d - 6 scrolls of identify
 g - 3 scrolls of remove curse
 l - 2 scrolls of fear
 y - 2 scrolls of recharging
Potions
 h - 2 potions of curing {unknown}
 m - 2 potions of degeneration {unknown}
 n - a potion of brilliance {unknown}
 o - 3 potions of flight
 p - a potion of haste
 r - 3 potions of cancellation {unknown}
 x - a potion of might {unknown}
 z - a potion of lignification {unknown}
 D - a potion of berserk rage {unknown}
Books
 b - a book of Changes

   Spells                             Type                      Level
   a - Beastly Appendage              Transmutation                1
   b - Sticks to Snakes               Transmutation                2
   c - Spider Form                    Transmutation/Poison         3
   d - Ice Form                       Ice/Transmutation            4
   e - Blade Hands                    Transmutation                5
Comestibles
 c - 2 bread rations
 f - 4 meat rations
 v - 2 fruits
 C - a royal jelly
 F - 4 chunks of flesh


   Skills:
 * Level 3.5 Fighting
 - Level 1.7 Dodging
 - Level 1.9 Shields
 * Level 4.3 Unarmed Combat
 + Level 2.8 Spellcasting
 * Level 3.6 Transmutations


You had 2 spell levels left.
You knew the following spells:

 Your Spells              Type           Power        Failure   Level  Hunger
a - Beastly Appendage     Tmut           ##....       4%          1    #......
b - Sticks to Snakes      Tmut           ##......     8%          2    ###....
c - Blade Hands           Tmut           ##........   80%         5    ######.


Dungeon Overview and Level Annotations

Branches:
Dungeon (4/15)
 Temple: D:4-7

Altars:

Annotations:
D:4 Pikel


Innate Abilities, Weirdness & Mutations

Your plain brown scales are hard. (AC +6)
You cannot fit into any form of body armour.
You are cold-blooded and may be slowed by cold attacks.
You have claws for feet.


Message History

Casting: Beastly Appendage
Confirm with . or Enter, or press ? or * to list all spells.
Okay, then.
Okay, then.
Casting: Beastly Appendage
Confirm with . or Enter, or press ? or * to list all spells.
You extend your transformation's duration.
Pikel zaps a wand.
The bolt of acid misses you.
It is a wand of acid (?/15).
You closely miss Pikel. Your kick misses Pikel.
Your tail-slap misses Pikel.
Pikel zaps a wand.
The bolt of acid hits you! The acid corrodes you!
You are splashed with acid!
The acid burns!
* * * LOW HITPOINT WARNING * * *
You are too injured to fight recklessly!
Casting: Beastly Appendage
Confirm with . or Enter, or press ? or * to list all spells.
You create a snake!
You now have 44 arrows.
Pikel hits you with a whip of freezing!
* * * LOW HITPOINT WARNING * * *
You feel yourself slow down. Pikel freezes you.
You die...

#.....#.#.# ....
#........# .....
#####.#.#.#.###....K.
#............Kpp.....
#.###.#.K##.####.....
##.#..##.# ... #
#..#...p.# .
#.##.###.#### ##+##
#..S.@Kpp# ##...##
####.##### ##.....##
#.##.## ##.......#
#.#...####.........
#........'....<....
#.#...####.........
#.##.## ##.......#
#.#### ##.....## #.#
##...##


You could see Pikel, 2 slaves and a friendly adder.

Vanquished Creatures
  A slave (D:4)
  Purgy (D:3)
  The ghost of theanonym the Skirmisher, a weakling NaFi (D:3)
  Terence (D:3)
  3 gnolls (D:2)
  4 adders
  A worm (D:3)
  2 dart slugs (D:2)
  A leopard gecko (D:2)
  2 orcs (D:3)
  13 giant cockroaches
  9 hobgoblins
  4 jackals (D:1)
  8 kobolds
  2 quokkas
  A ball python (D:2)
  8 bats
  A frilled lizard (D:3)
  8 goblins
  12 rats
83 creatures vanquished.

Notes
Turn   | Place    | Note
-------+----------+-------------------------------------------
     0 | D:1      | Autsider the Draconian Transmuter began the quest for the Orb.
     0 | D:1      | Reached XP level 1. HP: 16/16 MP: 3/3
   181 | D:1      | Reached XP level 2. HP: 14/23 MP: 1/5
   810 | D:2      | Learned a level 2 spell: Sticks to Snakes
   834 | D:2      | Reached skill level 1 in Shields
   834 | D:2      | Reached XP level 3. HP: 15/29 MP: 2/6
  1469 | D:2      | Reached XP level 4. HP: 34/36 MP: 5/7
  2047 | D:3      | Noticed theanonym's ghost (weakling NaFi)
  2075 | D:3      | Killed theanonym's ghost
  2075 | D:3      | Reached XP level 5. HP: 26/42 MP: 2/8
  2397 | D:3      | Noticed Purgy
  2422 | D:3      | Killed Purgy
  2422 | D:3      | Reached skill level 4 in Unarmed Combat
  2449 | D:3      | Reached XP level 6. HP: 21/51 MP: 8/10
  2485 | D:3      | Noticed Terence
  2499 | D:3      | Killed Terence
  2654 | D:3      | Learned a level 5 spell: Blade Hands
  2922 | D:4      | Noticed a slave
  2922 | D:4      | Noticed a slave
  2922 | D:4      | Noticed a slave
  2924 | D:4      | Noticed Pikel
  2927 | D:4      | Noticed a slave
  2946 | D:4      | Killed a slave
  2949 | D:4      | Slain by Pikel

Vault maps used:
D:1:      dpeg_arrival_concentric_ovals
D:2:      minmay_wonky_spiral, minmay_tetromino_l2
D:3:      minmay_roachtagon, first_bread, uniq_terence, uniq_purgy
D:4:      minmay_overflow_temple_hex, serial_shops, shop, uniq_pikel

Skill      XL: |  1  2  3  4  5 |
---------------+----------------+-----
Shields        | 1 |  1.9
Fighting       | 2 3 |  3.5
Transmutations | 3 |  3.6
Unarmed Combat | 4 |  4.3
Dodging        | |  1.7
Spellcasting   | |  2.8

Action                   |  1- 3 |  4- 6 || total
-------------------------+-------+-------++-------
Melee: Unarmed           |   102 |   105 ||   207
       Tailslap          |     6 |    10 ||    16
       Headbutt          |     6 |     5 ||    11
       Kick              |     6 |    16 ||    22
       Punch             |       |     4 ||     4
 Cast: Beastly Appendage |    28 |    24 ||    52
       Sticks to Snakes  |       |     4 ||     4
  Use: Scroll            |       |    11 ||    11
 Stab: Sleeping          |     1 |       ||     1
  Eat: Chunk             |     2 |     6 ||     8
Armor: Skin              |    36 |    23 ||    59
Dodge: Dodged            |    77 |    58 ||   135
Block: Other             |       |    14 ||    14

Table legend:
 A = Spawn XP
 B = Non-spawn XP
 C = Spawn XP percentage of total XP
 D = Spawn monster count
 E = Non-spawn monster count
 F = Spawn count percentage of total count
 G = Total turns spent on level
                    A         B        C        D         E        F      G
               +---------+---------+-------+---------+---------+-------+---------
         Total |       0 |     459 |   0.0 |       0 |      82 |   0.0 |  2949
               +---------+---------+-------+---------+---------+-------+---------
           D:1 |       0 |      33 |   0.0 |       0 |      22 |   0.0 |   788
           D:2 |       0 |     115 |   0.0 |       0 |      30 |   0.0 |  1248
           D:3 |       0 |     311 |   0.0 |       0 |      30 |   0.0 |   835
               +---------+---------+-------+---------+---------+-------+---------
